← All builds
Tech / Armada / Economy first / OBSERVED BUILD

Fast fusion

Tech pushes a Fusion Reactor much earlier than normal (from 8:50 instead of ~12:11) to accelerate its own and the team's energy income, while still funneling T2 constructors to Geo.

Usually first T2 con to Geo (87%)

#eco #t2 · 76 distinct matches · 28 players · 6% of Armada Tech games · team won 66% of 77 · Recently observed

THE CATCH, AND WHAT COMES WITH IT
  • Fusion ReactorFusion Reactor from 8:50 · 13% of role by thenOnly 13% of Tech games have it by then; others who build it get it around 11:17

Then transitions into anti-nuke (32% of army), Armageddon (9% of army), Platypus (9% of army).

HOW TO PLAY IT

Key timing: Fusion Reactor by 9:00

  1. Open Bot Lab into Advanced Bot Lab as the standard T2 rush.
  2. Upgrade mex to Advanced Metal Extractor to grow team metal.
  3. Push Fusion Reactor far earlier than the usual 12:17 norm.
  4. Keep supplying team with T2 cons and Advanced Construction Bots.

Phase by phase

TYPICAL OF ITS 76 GAMES · AGAINST STANDARD TECH
  1. 1
  2. 2
  3. 3
  4. 4
  5. 5
PLAY THE OPENING

Follow the example game's first 9:50 step by step: what to build now, what comes next, and where it goes. At 1× it keeps pace with your own game.

  1. 1

    Up to the Bot Lab

    Economy
    • Metal Extractor3Mex
    • Wind Turbine3Wind
    Order
    1. Bot LabBot Lab after 3 mex, 3 winddone ~1:12, middle half 1:08–1:19

    By 0:55 in all: 3 mex · 3 wind

    The example game in this phase · 4 steps
    1. Mex ×3
    2. Wind ×4
    3. Energy storage
    4. Bot LabBot Labdone 1:33 · typical 1:12
  2. 2

    Bot Lab to Advanced Bot Lab

    Economy
    • Metal Extractor1Mex
    • Wind Turbine9Wind
    • Energy Converter1Converter
    • Energy Storage1Energy storage
    Order
    1. Advanced Bot LabAdvanced Bot Lab after 4 mex, 12 wind, 3 con turretdone ~4:13, middle half 4:02–4:23
    Builders
    • Construction Turret3 Con turret
    • Lazarus4 Lazarus
    • Construction Bot1 Con bot
    • Construction Bot1 Con bot for allies

    By 3:12 in all: 4 mex · 12 wind · 1 converter · 1 energy storage · 3 con turret

    The example game in this phase · 16 steps
    1. LazarusLazarus
    2. Wind
    3. LazarusLazarus
    4. Construction BotCon bot
    5. Construction BotCon botfor unknown
    6. LazarusLazarus ×2
    7. Mex
    8. Construction BotCon bot
    9. Con turret ×2
    10. Wind ×4
    11. Converter
    12. Wind
    13. Converter
    14. Wind ×2
    15. Con turret
    16. Advanced Bot LabAdvanced Bot Labdone 4:12 · typical 4:13
  3. 3

    Advanced Bot Lab to 5:00

    Economy
    • Wind Turbine4Wind
    Builders
    • Advanced Construction Bot1 T2 con bot for allies

    Some games also: converter (45%)

    By 5:00 in all: 4 mex · 17 wind · 3 converter (standard 1) · 1 energy storage · 3 con turret

    The example game in this phase · 3 steps
    1. Advanced Construction BotT2 con botfor Geo
    2. Advanced Metal ExtractorT2 mexdone 5:11 · typical 5:17
    3. FatboyFatboyfor Ponddone 5:18
  4. 4

    5:00 to Fusion Reactor

    Economy
    • Wind Turbine33Wind+12 vs standard
    • Energy Converter5Converter+4 vs standard
    Order
    1. Fusion ReactorFusion Reactor after 4 mex, 48 wind, 9 converterdone ~10:08, middle half 9:46–10:31
    Builders
    • Butler8 Butler +3 vs standard
    • Advanced Construction Bot3 T2 con bot for allies
    • Advanced Construction Bot1 T2 con bot

    Some games also: con turret (48%)

    By 8:50 in all: 4 mex · 48 wind (standard 36) · 9 converter (standard 4) · 1 energy storage · 3 con turret

    The example game in this phase · 31 steps
    1. Advanced Construction BotT2 con botfor Geo sea
    2. Advanced Metal ExtractorT2 mex ×3
    3. ButlerButler ×6
    4. Advanced Construction BotT2 con botfor unknown
    5. Wind
    6. Advanced Construction BotT2 con botfor Pond
    7. Converter
    8. Wind ×2
    9. Converter
    10. Wind ×2
    11. Advanced Construction BotT2 con botfor Suicide front
    12. Converter
    13. Wind ×2
    14. Converter
    15. Wind
    16. Advanced Construction BotT2 con botfor Beach sea
    17. Wind ×2
    18. Converter
    19. Wind
    20. Converter
    21. Wind ×2
    22. Converter
    23. Wind ×2
    24. Converter
    25. Advanced Construction BotT2 con bot
    26. Wind ×2
    27. Converter
    28. Wind ×2
    29. Con turret
    30. Converter
    31. Fusion ReactorFusiondone 10:39 · typical 10:08
  5. 5

    Fusion Reactor to 15:00

    Economy
    • Wind Turbine88Wind−50 vs standard
    • Energy Converter52Converter+13 vs standard
    Order
    1. Fusion ReactorFusion after 93 wind, 23 converter, 7 con turretin 62% of games
    2. CitadelAnti-nuke after 95 wind, 29 converter, 9 con turretin 55% of games
    Builders
    • Construction Turret9 Con turret

    Some games also: Aircraft Plant (43%) · Tracer (38%) · Advanced Fusion Reactor (35%) · metal storage (34%)

    The standard build makes here, this one skips: 5 Butler

    By 15:00 in all: 4 mex · 143 wind · 2 fusion · 60 converter (standard 44) · 1 energy storage · 1 metal storage

    The example game in this phase · 163 steps
    1. Wind ×2
    2. Converter
    3. Con turret
    4. Wind
    5. Converter
    6. Con turret
    7. Wind ×2
    8. Converter
    9. Con turret
    10. Wind
    11. Con turret
    12. Converter
    13. Wind ×2
    14. Converter
    15. Con turret
    16. Wind
    17. Advanced Construction BotT2 con botfor Front
    18. Converter
    19. Wind ×2
    20. Converter
    21. Wind
    22. Converter
    23. Wind ×2
    24. Converter
    25. Wind ×2
    26. Converter
    27. Wind
    28. Converter
    29. Wind ×2
    30. Converter
    31. Wind
    32. CitadelAnti-nukedone 11:07
    33. Wind
    34. Converter
    35. Wind ×2
    36. Converter
    37. Wind
    38. Converter
    39. Wind ×2
    40. Converter
    41. Wind
    42. Converter
    43. Wind
    44. TracerTracer
    45. Wind
    46. Converter
    47. PinpointerPinpointer
    48. Wind ×2
    49. Converter
    50. Wind
    51. Converter
    52. Wind
    53. Fusion ReactorFusion
    54. Wind
    55. Converter
    56. Wind
    57. Converter
    58. Wind ×2
    59. Converter
    60. Wind ×2
    61. Converter
    62. Wind
    63. Converter
    64. Wind
    65. Converter
    66. Wind ×2
    67. Con turret
    68. Converter
    69. Wind
    70. Con turret
    71. Converter
    72. Con turret
    73. Wind
    74. Converter
    75. Wind
    76. T2 converter
    77. Wind
    78. Converter
    79. Wind
    80. Aircraft PlantAircraft Plantdone 12:56
    81. Wind
    82. Converter
    83. Wind
    84. Converter
    85. StormbringerBomber
    86. Wind
    87. FalconFighter ×2
    88. Wind
    89. FalconFighter
    90. Converter
    91. FalconFighter ×2
    92. Wind
    93. FalconFighter ×2
    94. Converter
    95. Wind
    96. FalconFighter ×2
    97. Wind
    98. FalconFighter
    99. Converter
    100. FalconFighter
    101. Wind
    102. FalconFighter ×2
    103. Wind
    104. FalconFighter
    105. Converter
    106. FalconFighter
    107. Wind
    108. FalconFighter
    109. BansheeBanshee
    110. Converter
    111. BansheeBanshee
    112. Wind
    113. BansheeBanshee
    114. Converter
    115. BansheeBanshee
    116. Wind
    117. BansheeBanshee
    118. Wind
    119. BansheeBanshee
    120. Converter
    121. BansheeBanshee
    122. Wind
    123. BansheeBanshee ×2
    124. Wind
    125. Vehicle PlantVehicle Plantdone 14:01
    126. Converter
    127. BansheeBanshee
    128. Wind
    129. BlitzBlitz ×2
    130. Wind
    131. Converter
    132. BlitzBlitz ×2
    133. Wind
    134. BlitzBlitz
    135. Converter
    136. BlitzBlitz
    137. Wind
    138. BlitzBlitz ×2
    139. Wind
    140. BlitzBlitz
    141. Converter
    142. BlitzBlitz
    143. Wind
    144. BlitzBlitz ×3
    145. Wind
    146. Converter
    147. BlitzBlitz ×2
    148. Wind
    149. BlitzBlitz ×2
    150. Converter
    151. BlitzBlitz
    152. Wind
    153. BlitzBlitz ×2
    154. Wind
    155. Converter
    156. BlitzBlitz
    157. Wind
    158. Aircraft PlantAircraft Plantdone 14:57
    159. Converter
    160. Wind ×2
    161. Converter
    162. Construction AircraftCon aircraft
    163. Wind

Counts are medians over the build's games: half of them build more, half fewer. The example game is IMBALANCED's (41 OS, 01/09/2026); pick another.

Team trades

IN AT LEAST 30% OF ITS GAMES

You hand over

  • Construction Bot1 Con bot to Airfirst at 2:22 · in 84% of games
  • Advanced Construction Bot5 T2 con bot to Air or Pond or Geofirst at 4:40 · in 100% of games
  • Fatboy1 Fatboy to Pondfirst at 4:43 · in 31% of games

You get

  • Hercules1 Light transport from Airfirst at 3:45 · in 83% of games

How it plays out

Typical game of this build against the role’s standard build, running totals by minute

  • This build
  • Standard tech

Metal produced

020k40k
0:005:0010:0015:00

metal

Enemy metal destroyed

0200400
0:005:0010:0015:00

metal

Own metal lost

0100200300
0:005:0010:0015:00

metal

77 games.

Show as table
ByMetal produced: This buildMetal produced: Standard techEnemy metal destroyed: This buildEnemy metal destroyed: Standard techOwn metal lost: This buildOwn metal lost: Standard tech
1:003843830000
2:009179150000
3:00170016350000
4:00322231480000
5:00492448630000
6:00607758070000
7:00774372200000
8:00993590610000
9:0012532112470000
10:0017125135530000
11:0020580163420000
12:0024462198500000
13:0027513236440000
14:00316182736001250130
15:00363243147303850260
WHAT THE NUMBERS SAY

Won far more often than the standard build with a large lead in metal production and near-zero losses.

  • + Team win rate 64% vs 53% for standard build.
  • + Metal produced by 10:00 much higher (16996 vs 13553).
  • − No enemy metal destroyed recorded by 15:00 (0 vs 400 for standard).
  • − Requires strict early Bot Lab and Advanced Metal Extractor timing to reach 9:00 Fusion.
THE EXAMPLE YOU ARE READING

IMBALANCED

40.9 OS · 01/09/2026

Open source match ↗

2 received units
4088 metal received · 163680 energy received

Allied construction assistance is unknown. Timings are observations, not a promise of solo reproducibility.

Typical milestones

Bot Lab1:12Middle 50%: 1:08–1:19 · n=77
Advanced Bot Lab4:13Middle 50%: 4:02–4:23 · n=77
Advanced Metal Extractor5:17Middle 50%: 4:57–5:39 · n=77
Fusion Reactor10:08Middle 50%: 9:46–10:31 · n=71

Played most by

Teaner20games of this buildSyphos10games of this build[Grump]Grumpiness7games of this buildAriah4games of this buildImmort4games of this build